 Dungeon Crawl Stone Soup version 0.20.1-1-g8b1a95d (webtiles) character file.

87 vatarom the Insei (level 4, 0/28 HPs)
             Began as an Octopode Transmuter on Sept 2, 2017.
             Slain by a jackal (2 damage)
             ... on level 3 of the Dungeon.
             The game lasted 00:04:29 (2696 turns).

vatarom the Insei (Octopode Transmuter)             Turns: 2696, Time: 00:04:30

Health: 0/28       AC:  1    Str: 10    XL:     4   Next: 51%
Magic:  7/7        EV: 13    Int: 15    God:
Gold:   115        SH:  0    Dex: 12    Spells: 1/7 levels left

rFire    . . .     SeeInvis .     - Unarmed
rCold    . . .     Gourm    .   (no shield)
rNeg     . . .     Faith    .   (helmet restricted)
rPois    .         Spirit   .   e - amulet of rage
rElec    .         Reflect  .   d - ring of resist corrosion
rCorr    +         Harm     .   (no ring)
MR       .....                  (no ring)
Stlth    ++........             (no ring)
Regen    0.1/turn               (no ring)
MPRegen  0.1/turn               (no ring)
                                (no ring)
                                (no ring)

@: appendage (expiring), very slightly contaminated
A: almost no armour, stealthy swim, amphibious, 8 rings, constrict 8, tentacle
spike 3, camouflage 1, gelatinous body 1
a: End Transformation, Evoke Berserk Rage


You were on level 3 of the Dungeon.
You were not hungry.
One of your tentacles had a temporary spike.
You visited 1 branch of the dungeon, and saw 3 of its levels.

You collected 115 gold pieces.

Inventory:

Missiles
 a - 47 arrows
Jewellery
 d - a ring of resist corrosion (left tentacle)
 e - an amulet of rage (around mantle)
Books
 b - a book of Changes

   Spells                             Type                      Level
   a - Beastly Appendage              Transmutation                1
   b - Sticks to Snakes               Transmutation                2
   c - Spider Form                    Transmutation/Poison         3
   d - Ice Form                       Ice/Transmutation            4
   e - Blade Hands                    Transmutation                5
 i - a book of Maledictions

   Spells                             Type                      Level
   a - Corona                         Hexes                        1
   b - Ensorcelled Hibernation        Hexes/Ice                    2
   c - Confuse                        Hexes                        3
   d - Tukima's Dance                 Hexes                        3
   e - Dazzling Spray                 Conjuration/Hexes            3
Comestibles
 c - a bread ration
 f - 2 fruits
 g - a meat ration
 h - 4 chunks of flesh
 k - a royal jelly


   Skills:
 - Level 1.0 Fighting
 - Level 2.0 Dodging
 + Level 5.1 Unarmed Combat
 - Level 2.0 Spellcasting
 * Level 2.0 Transmutations


You had one spell level left.
You knew the following spells:

 Your Spells              Type           Power        Failure   Level  Hunger
a - Beastly Appendage     Tmut           #.....       10%         1    #......
b - Sticks to Snakes      Tmut           #.......     14%         2    ###....
c - Spider Form           Tmut/Pois      #.........   41%         3    ###....


Dungeon Overview and Level Annotations

Branches:
Dungeon (3/15)

Altars:


Innate Abilities, Weirdness & Mutations

You cannot wear most types of armour.
You are very stealthy in the water. (Stealth+)
You are amphibious.
You can wear up to eight rings at the same time.
You can use your tentacles to constrict eight enemies at once.
Your skin changes colour to match your surroundings (Stealth+).
Your rubbery body absorbs attacks. (AC +1, EV +1)
One of your tentacles bears a large vicious spike.


Message History

The jackal bites you.
* * * LOW HITPOINT WARNING * * *
The jackal bites you.
* * * LOW HITPOINT WARNING * * *
The jackal barely misses you.
You closely miss the jackal. You grab the jackal.
You constrict the jackal, but do no damage.
The jackal closely misses you. x3
Unknown command.
You barely miss the jackal. You grab the jackal.
The jackal is severely wounded.
You constrict the jackal.
You constrict the jackal, but do no damage.
The jackal closely misses you. The jackal misses you.
You tentacle-slap the jackal.
You squeeze the jackal, but do no damage.
The jackal is heavily wounded.
Your transformation is almost over.
You constrict the jackal. x2; The jackal bites you.
You die...

..
########..
#.........
#.........
#........=
#.........
#@h)......
#†h.....#.
#$.)....#
..........#
#$.........#
#..........#
#.(........#
#...........
#..........#


You could see 2 jackals.

Vanquished Creatures
  2 adders (D:2)
  A worm (D:2)
  2 dart slugs (D:2)
  4 leopard geckos
  4 giant cockroaches
  5 goblins
  8 hobgoblins
  A jackal (D:3)
  7 kobolds
  A quokka (D:2)
  2 ball pythons
  4 bats
  4 frilled lizards
  8 rats
53 creatures vanquished.

Vanquished Creatures (collateral kills)
  An adder (D:2)
  A worm (D:2)
2 creatures vanquished.

Grand Total: 55 creatures vanquished

Notes
Turn   | Place    | Note
-------+----------+-------------------------------------------
     0 | D:1      | vatarom the Octopode Transmuter began the quest for the Orb.
     0 | D:1      | Reached XP level 1. HP: 13/13 MP: 3/3
   203 | D:1      | Reached XP level 2. HP: 15/18 MP: 5/5
   938 | D:2      | Reached skill level 4 in Unarmed Combat
  1115 | D:2      | Reached XP level 3. HP: 23/23 MP: 6/6
  1119 | D:2      | Learned a level 2 spell: Sticks to Snakes
  1123 | D:2      | Learned a level 3 spell: Spider Form
  1714 | D:2      | HP: 1/23 [worm (9)]
  2099 | D:2      | Reached XP level 4. HP: 28/28 MP: 7/7
  2284 | D:2      | Reached skill level 5 in Unarmed Combat
  2693 | D:3      | HP: 1/28 [jackal (3)]
  2696 | D:3      | Slain by a jackal

Skill      XL: |  1  2  3  4 |
---------------+-------------+-----
Unarmed Combat | 4 5 |  5.1
Fighting       | |  1.0
Dodging        | |  2.0
Spellcasting   | |  2.0
Transmutations | |  2.0

Action                   |  1- 3 |  4- 6 || total
-------------------------+-------+-------++-------
Melee: Unarmed           |    99 |    39 ||   138
       Constrict         |    24 |    11 ||    35
       Tentacles         |    13 |     6 ||    19
       Punch             |     1 |     2 ||     3
       Kick              |     1 |     2 ||     3
 Cast: Beastly Appendage |     4 |     1 ||     5
       Sticks to Snakes  |     8 |       ||     8
  Use: Scroll            |     1 |     3 ||     4
 Stab: Sleeping          |     5 |     3 ||     8
       Distracted        |       |     1 ||     1
  Eat: Chunk             |     4 |     2 ||     6
Armor: Skin              |     8 |     4 ||    12
Dodge: Dodged            |    52 |    40 ||    92
